 Dungeon Crawl Stone Soup version 0.26-a0-949-ga0cc1ef5f6 (webtiles) character file.

Game seed: 15342360792047459252

78 Deeps the Chopper (level 4, -1/28 HPs)
             Began as a Gargoyle Fighter on Nov 29, 2020.
             Slain by Crazy Yiuf
             ... wielding a +3 quarterstaff of chaos
              (3 damage)
             ... on level 2 of the Dungeon.
             The game lasted 00:02:13 (1997 turns).

Deeps the Chopper (Gargoyle Fighter)                Turns: 1997, Time: 00:02:13

Health: -1/28      AC: 14    Str: 21    XL:     4   Next: 36%
Magic:  3/4        EV:  7    Int:  8    God:
Gold:   184        SH:  9    Dex:  9    Spells: 3/3 levels left

rFire    . . .     SeeInvis .   a - +0 war axe
rCold    . . .     Faith    .   c - +0 kite shield
rNeg     + . .     Spirit   .   b - +0 scale mail
rPois    ∞         Reflect  .   (no helmet)
rElec    +         Harm     .   o - +0 cloak
rCorr    .         Rampage  .   m - +2 pair of gloves
MR       .....                  (no boots)
Stlth    ..........             j - amulet of inaccuracy (curse)
HPRegen  0.09/turn              (no ring)
MPRegen  0.09/turn              (no ring)

@: slowed, very slow
A: negative energy resistance 1, electricity resistance, unbreathing,
petrification resistance, rot immunity, AC +3
a: no special abilities


You were on level 2 of the Dungeon.
You visited 1 branch of the dungeon, and saw 2 of its levels.

You collected 184 gold pieces.

Inventory:

Hand Weapons
 a - a +0 war axe (weapon)
Armour
 b - a +0 scale mail (worn)
 c - a +0 kite shield (worn)
 m - a +2 pair of gloves (worn)
 o - a +0 cloak (worn)
Jewellery
 j - a cursed amulet of inaccuracy (around neck)
Scrolls
 e - a scroll of identify
 f - 2 scrolls of teleportation
 q - a scroll of enchant armour
Potions
 d - a potion of might
 g - a potion of lignification {unknown}
 h - 2 potions of degeneration {unknown}
 i - a potion of heal wounds {unknown}
 k - a potion of curing {unknown}
 l - 2 potions of flight {unknown}
 n - a potion of brilliance {unknown}
 p - a potion of haste {unknown}


   Skills:
 - Level 3.2 Fighting
 + Level 4.1 Axes
 - Level 3.2 Armour
 - Level 3.2 Shields


You had 3 spell levels left.
You didn't know any spells.
Your spell library was empty.

Dungeon Overview and Level Annotations

Branches:
Dungeon (2/15)

Altars:

Annotations:
D:2 Crazy Yiuf


Innate Abilities, Weirdness & Mutations

You are resistant to torment.
Your stone body is resilient. (AC +3)
You are immune to poison.
You resist negative energy. (rN+)
You are resistant to electric shocks. (rElec)
You can survive without breathing.
You are immune to petrification.
You are immune to rotting.


Message History

You barely miss Crazy Yiuf.
Crazy Yiuf laughs, "Aardvark!"
Crazy Yiuf hits you with a +3 quarterstaff of chaos.
You feel yourself slow down.
You closely miss Crazy Yiuf.
Crazy Yiuf glowers.
Crazy Yiuf hits you but does no damage.
Crazy Yiuf hits you with a +3 quarterstaff of chaos.
* * * LOW HITPOINT WARNING * * *
You feel your power leaking away.
You barely miss Crazy Yiuf. Crazy Yiuf hits you but does no damage.
Crazy Yiuf hits you with a +3 quarterstaff of chaos.
* * * LOW HITPOINT WARNING * * *
Crazy Yiuf burns you.
* * * LOW HITPOINT WARNING * * *
You hit Crazy Yiuf.
Crazy Yiuf is moderately wounded.
Crazy Yiuf says, "Ghoul mumblescurry shoe!"
Crazy Yiuf hits you with a +3 quarterstaff of chaos.
You die...

......##......#######.#
......##......'.......#
......##......#########
......#########
......###
........##♣♣♣♣♣
#####.....P.♣.♣♣♣ ###
#......P.♣..♣#...#
#.....P♣♣♣♣♣@g...#
#.....P♣ ♣♣#..)#
######♣♣ ### #######
######## #.....#
#......# #.##.##
#......############
#.##.#
#.......##........#
#.##.#
#.......##........#
#.##.#
#.......##........#
#.##.#


You could see Crazy Yiuf.

Vanquished Creatures
  2 adders (D:2)
  An ooze (D:1)
  A ball python (D:1)
  4 giant cockroaches
  6 goblins
  3 hobgoblins
  11 jackals (D:2)
  3 bats (D:2)
  3 frilled lizards
  6 kobolds
  12 rats
52 creatures vanquished.

Vanquished Creatures (others)
  A fungus (D:2)
1 creature vanquished.

Grand Total: 53 creatures vanquished

Notes
Turn   | Place    | Note
-------+----------+-------------------------------------------
     0 | D:1      | Deeps the Gargoyle Fighter began the quest for the Orb.
     0 | D:1      | Reached XP level 1. HP: 14/14 MP: 1/1
    87 | D:1      | Reached skill level 2 in Axes
   157 | D:1      | Reached XP level 2. HP: 18/19 MP: 2/2
   405 | D:1      | Reached skill level 3 in Axes
   479 | D:1      | Reached XP level 3. HP: 23/23 MP: 3/3
   941 | D:2      | Reached XP level 4. HP: 26/28 MP: 4/4
  1074 | D:2      | Reached skill level 4 in Axes
  1984 | D:2      | Found a runed translucent door.
  1985 | D:2      | Noticed Crazy Yiuf
  1997 | D:2      | Slain by Crazy Yiuf

Illustrated notes

Levels and vault maps discovered:
D:1:      minmay_arrival_plants_in_alcoves, layout_basic
D:2:      layout_basic, minmay_tall_x, uniq_crazy_yiuf_cottage

Skill      XL: |  1  2  3  4 |
---------------+-------------+-----
Axes           | 2 3 4 |  4.1
Fighting       | |  3.2
Armour         | |  3.2
Shields        | |  3.2

Action                   |  1- 3 |  4- 6 || total
-------------------------+-------+-------++-------
Melee: War axe           |   118 |   107 ||   225
  Use: Scroll            |       |     3 ||     3
Armor: Scale mail        |   104 |    27 ||   131
Dodge: Dodged            |    61 |    18 ||    79
Block: Kite shield       |    95 |    32 ||   127

Table legend: (Time is in decaauts)
 A = Elapsed time spent in this place.
 B = Non-inter-level travel time spent in this place.
 C = Inter-level travel time spent in this place.
 D = Time resting spent in this place.
 E = Time spent auto-exploring this place.
 F = Levels seen in this place.
 G = Mean time per level.
                   A        B        C        D        E       F      G
               +--------+--------+--------+--------+--------+-----+--------+
         Total |   2090 |   2027 |     63 |    185 |   1383 |   2 | 1045.0 |
       Dungeon |   2090 |   2027 |     63 |    185 |   1383 |   2 | 1045.0 |
               +--------+--------+--------+--------+--------+-----+--------+

Top non-repeatable levels by time:
     D:2: 1508 daAuts
     D:1: 581 daAuts
